 Dungeon Crawl Stone Soup version 0.19.0-24-gb05acd6 (webtiles) character file.

194 dobroeutro the Cudgeler (level 5, 0/32 HPs)
             Began as a Gargoyle Fighter on Nov 20, 2016.
             Slain by a hornet zombie (5 damage)
             ... on level 6 of the Dungeon.
             The game lasted 00:01:51 (919 turns).

dobroeutro the Cudgeler (Gargoyle Fighter)           Turns: 919, Time: 00:01:52

Health: 0/32       AC: 10    Str: 24    XL:     5   Next: 73%
Magic:  5/5        EV:  7    Int:  9    God:
Gold:   45         SH:  9    Dex: 10    Spells: 0 memorised, 4 levels left

rFire  . . .     SeeInvis .     a - +0 flail
rCold  . . .     Gourm    .     b - +0 scale mail
rNeg   + . .     Faith    .     c - +0 shield
rPois  ∞         Spirit   .     (no helmet)
rElec  +         Reflect  .     (no cloak)
rCorr  .         Harm     .     (no gloves)
MR     .....                    (no boots)
Stlth  ..........               (no amulet)
                                (no ring)
                                (no ring)

@: mighty
A: negative energy resistance 1, electricity resistance, unbreathing,
petrification resistance, rot immunity, AC +4
a: no special abilities


You were on level 6 of the Dungeon.
You were hungry.

You visited 1 branch of the dungeon, and saw 6 of its levels.

You collected 45 gold pieces.

Inventory:

Hand Weapons
 a - a +0 flail (weapon)
Armour
 b - a +0 scale mail (worn)
 c - a +0 shield (worn)
Scrolls
 e - a scroll of identify {unknown}
 g - a scroll of amnesia {unknown}
 j - 2 scrolls of teleportation {unknown}
 l - a scroll of remove curse {unknown}
 m - a scroll of enchant armour {unknown}
Potions
 h - 2 potions of degeneration {unknown}
Comestibles
 f - a bread ration
 k - a slice of pizza


   Skills:
 - Level 3.2 Fighting
 + Level 5.8 Maces & Flails
 - Level 3.2 Armour
 - Level 3.2 Shields


You had 4 spell levels left.
You didn't know any spells.

Dungeon Overview and Level Annotations

Branches:
Dungeon (6/15)
 Temple: D:4-7

Altars:


Innate Abilities, Weirdness & Mutations

You are resistant to torment.
Your stone body is resilient. (AC +4)
You are immune to poison.
You resist negative energy. (rN+)
You are resistant to electric shocks. (rElec)
You can survive without breathing.
You are immune to petrification.
You are immune to rotting.


Message History

The hornet zombie is lightly damaged.
The hornet zombie hits you. You block the hornet zombie's attack.
You hit the hornet zombie.
The hornet zombie is lightly damaged.
The hornet zombie barely misses you.
You feel very mighty all of a sudden. The hornet zombie hits you!
The hornet zombie hits you.
* * * LOW HITPOINT WARNING * * *
You are too injured to fight recklessly!
You are too injured to fight recklessly!
You are too injured to fight recklessly!
You are too injured to fight recklessly!
You are too injured to fight recklessly!
You closely miss the hornet zombie.
The hornet zombie is lightly damaged.
The hornet zombie completely misses you.
You closely miss the hornet zombie.
The hornet zombie is lightly damaged.
You block the hornet zombie's attack. The hornet zombie hits you.
You die...

#####
#..Z#
#.@.#
#!..#
##.##
#.#
#.#
#.#
#.#
#?#


You could see a hornet zombie.

Vanquished Creatures
  An iguana (D:5)
  4 orc wizards
  2 dart slugs (D:1)
  A leopard gecko (D:3)
  7 orcs
  A giant cockroach (D:5)
  A goblin (D:2)
  2 hobgoblins
  6 jackals
  A kobold (D:3)
  5 frilled lizards
  2 rats (D:1)
33 creatures vanquished.

Vanquished Creatures (others)
  An orc wizard (D:5)
1 creature vanquished.

Grand Total: 34 creatures vanquished

Notes
Turn   | Place    | Note
-------+----------+-------------------------------------------
     0 | D:1      | dobroeutro the Gargoyle Fighter began the quest for the Orb.
     0 | D:1      | Reached XP level 1. HP: 14/14 MP: 1/1
    97 | D:1      | Reached XP level 2. HP: 14/19 MP: 2/2
   130 | D:2      | Reached skill level 3 in Maces & Flails
   388 | D:4      | Reached XP level 3. HP: 23/23 MP: 3/3
   406 | D:4      | Reached skill level 4 in Maces & Flails
   467 | D:5      | Entered Level 5 of the Dungeon
   478 | D:5      | Reached XP level 4. HP: 26/28 MP: 4/4
   493 | D:5      | HP: 1/28 [orc wizard/puff of flame (3)]
   505 | D:5      | Reached skill level 5 in Maces & Flails
   505 | D:5      | Reached XP level 5. HP: 14/32 MP: 5/5
   919 | D:6      | Slain by a hornet zombie

Skill      XL: |  1  2  3  4 |
---------------+-------------+-----
Maces & Flails | 3 4 5 |  5.8
Fighting       | |  3.2
Armour         | |  3.2
Shields        | |  3.2

Action                   |  1- 3 |  4- 6 || total
-------------------------+-------+-------++-------
Melee: Flail             |    84 |   102 ||   186
  Use: Potion            |       |     3 ||     3
Armor: Scale mail        |    32 |    54 ||    86
Dodge: Dodged            |    20 |    38 ||    58
Block: Shield            |    35 |    53 ||    88
